 Dungeon Crawl Stone Soup version 0.16-a0-4113-g7d8e295 (webtiles) character file.

1805 Kaesh the Ruffian (level 8, 0/79 HPs)
             Began as a Troll Monk on Feb 28, 2015.
             Was a Priest of Cheibriados.
             Succumbed to a killer bee's poison
             ... on level 7 of the Dungeon.
             The game lasted 00:31:27 (4801 turns).

Kaesh the Ruffian (Troll Monk)                      Turns: 4801, Time: 00:31:27

Health: 0/79       AC:  6    Str: 28    XL:     8   Next: 84%
Magic:  3/3        EV: 16    Int: 14    God:    Cheibriados [***...]
Gold:   403        SH:  0    Dex: 22    Spells: 0 memorised, 7 levels left

rFire  . . .     SeeInvis +       - Unarmed
rCold  . . .     Clarity  .     a - +0 robe
rNeg   . . .     SustAb   .     (shield restricted)
rPois  .         Gourm    +     (helmet restricted)
rElec  .         Spirit   .     A - +0 cloak
rCorr  .         Warding  .     (gloves unavailable)
rMut   .         Stasis   .     (boots unavailable)
MR     +....                    (no amulet)
Stlth  ++........               D - ring of protection from magic
                                e - ring of see invisible

@: lethally poisoned (0 -> -8), very slow, somewhat resistant to hostile
enchantments, unstealthy
A: unfitting armour, claws 3, fast metabolism 3, gourmand, sense surroundings 1,
regeneration 2, shaggy fur 1, tough skin 2
a: Bend Time, Temporal Distortion, Renounce Religion


You were on level 7 of the Dungeon.
You worshipped Cheibriados.
Cheibriados was most pleased with you.
You were full.

You visited 2 branches of the dungeon, and saw 8 of its levels.

You collected 403 gold pieces.

Inventory:

Armour
 a - a +0 robe (worn)
 m - a +0 robe
 r - a +0 robe
 w - a +0 robe
 A - a +0 cloak (worn)
 B - a +0 robe
 E - a +0 robe
 L - a +0 robe
Jewellery
 e - a ring of see invisible (left claw)
 D - a ring of protection from magic (right claw)
Magical devices
 C - a wand of draining (12)
Scrolls
 c - a scroll of magic mapping {unknown}
 d - 8 scrolls of remove curse
 f - 3 scrolls of teleportation
 i - 2 scrolls of fog
 j - a scroll of noise {unknown}
 k - 2 scrolls of fear
 u - a scroll of blinking {unknown}
 y - 2 scrolls of immolation
 F - 4 scrolls of identify
 I - a scroll of recharging
 J - a scroll of amnesia
 N - a scroll of torment {unknown}
Potions
 g - a potion of restore abilities {unknown}
 l - a potion of agility
 o - a potion of heal wounds {unknown}
 q - a potion of lignification {unknown}
 s - a potion of magic {unknown}
 t - a potion of brilliance
 v - 2 potions of curing {unknown}
 x - a potion of mutation {unknown}
 z - a potion of resistance {unknown}
 H - a potion of might
Books
 K - a book of Geomancy

   Spells                             Type                      Level
   a - Sandblast                      Earth                        1
   b - Stoneskin                      Transmutation/Earth          2
   c - Passwall                       Transmutation/Earth          3
   d - Stone Arrow                    Conjuration/Earth            3
   e - Petrify                        Transmutation/Earth          4
   f - Lee's Rapid Deconstruction     Earth                        5
Comestibles
 b - 5 meat rations
 h - 4 bread rations
 p - 2 slices of pizza
 G - 3 fruits


   Skills:
 + Level 4.6 Fighting
 + Level 6.7 Dodging
 + Level 2.6 Stealth
 + Level 7.4 Unarmed Combat


You had 7 spell levels left.
You didn't know any spells.

Dungeon Overview and Level Annotations

Branches:
Dungeon (7/15)             Temple (1/1) D:5

Altars:
Ashenzari
Cheibriados
Dithmenos
Elyvilon
Kikubaaqudgha
Makhleb
Nemelex Xobeh
Okawaru
Qazlal
Ru
Sif Muna
Trog
Vehumet
Xom
Yredelemnul
Zin
The Shining One

Shops:
D:4 =   D:6 }


Innate Abilities, Weirdness & Mutations

You are too large for most types of armour.
You have claws for hands.
Your metabolism is lightning-fast.
You like to eat raw meat.
You heal very quickly.
You are covered in fur (AC +1).
You have very tough skin (AC +2).
You passively map a small area around you.


Message History

You feel sick. The killer bee stings you.
* * * LOW HITPOINT WARNING * * *
You are more poisoned.
The killer bee poisons you! The killer bee stings you!
* * * LOW HITPOINT WARNING * * *
You completely miss the killer bee.
The killer bee is severely wounded.
You feel sick. The killer bee stings you.
* * * LOW HITPOINT WARNING * * *
You are more poisoned.
The killer bee poisons you!
You closely miss the killer bee.
The killer bee is severely wounded.
* * * LOW HITPOINT WARNING * * *
You feel sick.
The killer bee stings you but does no damage.
The killer bee barely misses you.
You miss the killer bee.
The killer bee is severely wounded.
You die...

################,
#..........@yy.#,
#.###########..#
#......(....#.....
#.......(...#..#...#
#.8######'''#.## #.#
#.......+...#.#
#.......+..)#.# *
#.......+...#.# ,
####.8######+++#. *


You could see 2 killer bees.

Vanquished Creatures
  A deep elf fighter (D:7)
  A sky beast (D:5)
  3 ogres
  An orc warrior (D:6)
  2 ice beasts
  A phantom (D:5)
  A giant frog (D:6)
  A water moccasin skeleton (D:5)
  3 killer bees (D:7)
  A scorpion (D:6)
  The ghost of Scytalen the Conjurer, a weakling OpFE of Qazlal (D:3)
  3 orc priests
  2 hounds
  2 jellies (D:5)
  2 crimson imps (D:5)
  An iguana (D:6)
  4 worker ants
  Natasha (D:3)
  An orc wizard (D:6)
  A hound zombie (D:5)
  5 adders
  A giant mite (D:1)
  5 worms
  An adder skeleton (D:6)
  4 giant geckos
  14 orcs
  14 bats
  8 giant cockroaches
  9 goblins
  8 hobgoblins
  2 jackals (D:6)
  5 giant newts
  12 kobolds
  A quokka (D:6)
  7 rats
129 creatures vanquished.

Notes
Turn   | Place    | Note
--------------------------------------------------------------
     0 | D:1      | Kaesh, the Troll Monk, began the quest for the Orb.
     0 | D:1      | Reached XP level 1. HP: 22/22 MP: 1/1
    97 | D:1      | Reached XP level 2. HP: 29/29 MP: 1/1
   881 | D:2      | Found a sacrificial altar of Ru.
   903 | D:2      | Reached XP level 3. HP: 36/36 MP: 2/2
  1178 | D:2      | Reached XP level 4. HP: 42/44 MP: 2/2
  1276 | D:2      | Found a shimmering altar of Xom.
  1415 | D:2      | Reached skill level 5 in Unarmed Combat
  1744 | D:3      | Noticed Scytalen's ghost (weakling OpFE)
  1775 | D:3      | Killed Scytalen's ghost
  1775 | D:3      | Reached XP level 5. HP: 21/50 MP: 2/2
  2114 | D:3      | Noticed Natasha
  2118 | D:3      | Killed Natasha
  2211 | D:4      | Noticed an ogre
  2222 | D:4      | Killed an ogre
  2222 | D:4      | Reached XP level 6. HP: 49/61 MP: 3/3
  2265 | D:4      | Noticed an ogre
  2272 | D:4      | Killed an ogre
  2668 | D:4      | Found Ihijawasch's Jewellery Shoppe.
  2888 | D:5      | Entered Level 5 of the Dungeon
  2894 | D:5      | Reached skill level 6 in Unarmed Combat
  2894 | D:5      | Reached XP level 7. HP: 54/67 MP: 3/3
  2921 | D:5      | Found a shadowy altar of Dithmenos.
  3036 | D:5      | Found a staircase to the Ecumenical Temple.
  3052 | Temple   | Entered the Ecumenical Temple
  3367 | Temple   | Became a worshipper of Cheibriados the Contemplative
  3407 | D:5      | Reached skill level 5 in Dodging
  3570 | D:5      | Reached XP level 8. HP: 78/78 MP: 3/3
  3573 | D:5      | Found a basalt altar of Yredelemnul.
  3846 | D:6      | Found Ateokki's Gadget Shoppe.
  3970 | D:6      | Found an iron altar of Okawaru.
  3995 | D:6      | Acquired Cheibriados' first power
  4188 | D:6      | Reached skill level 7 in Unarmed Combat
  4191 | D:6      | Found a sacrificial altar of Ru.
  4448 | D:6      | Gained mutation: You passively map a small area around you. [potion of beneficial mutation]
  4799 | D:7      | HP: 2/79 [killer bee (2)]
  4801 | D:7      | Succumbed to a killer bee's poison

Action                   |  1- 3 |  4- 6 |  7- 9 || total
-------------------------+-------+-------+-------++-------
Melee: Unarmed           |    77 |   116 |   173 ||   366
  Use: Scroll            |       |       |     9 ||     9
       Potion            |       |       |     5 ||     5
 Stab: Sleeping          |       |       |     2 ||     2
  Eat: Chunk             |    12 |    16 |    13 ||    41
